 Dungeon Crawl Stone Soup version 0.20.1-1-g8b1a95d (webtiles) character file.

134 Irenicus the Slasher (level 5, 0/36 HPs)
             Began as an Octopode Chaos Knight on Oct 13, 2017.
             Slain by an orc
             ... wielding a +0 hand axe
              (5 damage)
             ... on level 3 of the Dungeon.
             The game lasted 00:03:23 (1495 turns).

Irenicus the Slasher (Octopode Chaos Knight)        Turns: 1495, Time: 00:03:23

Health: 0/36       AC:  1    Str: 11    XL:     5   Next: 17%
Magic:  5/5        EV: 13    Int: 14    God:    Xom [....*.]
Gold:   188        SH:  0    Dex: 13    Spells: 4/4 levels left

rFire    . . .     SeeInvis .   a - +0 falchion (chaos)
rCold    . . .     Gourm    .   (no shield)
rNeg     . . .     Faith    .   (helmet restricted)
rPois    .         Spirit   .   o - amulet of regeneration
rElec    .         Reflect  .   (no ring)
rCorr    .         Harm     .   (no ring)
MR       .....                  (no ring)
Stlth    ++........             (no ring)
Regen    0.6/turn               (no ring)
MPRegen  0.1/turn               (no ring)
                                (no ring)
                                (no ring)

@: no status effects
A: almost no armour, stealthy swim, amphibious, 8 rings, constrict 8, camouflage
1, gelatinous body 1
a: Renounce Religion


You were on level 3 of the Dungeon.
You worshipped Xom.
You were a beloved toy of Xom.
You were not hungry.

You visited 1 branch of the dungeon, and saw 3 of its levels.

You collected 188 gold pieces.

Inventory:

Hand Weapons
 a - a +0 falchion of chaos (weapon)
Jewellery
 o - an amulet of regeneration (around mantle)
Scrolls
 e - 2 scrolls of magic mapping {unknown}
 g - a scroll of blinking {unknown}
 h - a scroll of noise {unknown}
 i - a scroll of amnesia {unknown}
 j - a scroll of enchant armour {unknown}
 k - 3 scrolls of recharging {unknown}
 n - a scroll of fear {unknown}
Potions
 c - 2 potions of curing {unknown}
 f - a potion of heal wounds {unknown}
 m - a potion of invisibility {unknown}
 p - a potion of mutation {unknown}
Comestibles
 b - 2 bread rations
 d - a royal jelly
 l - 3 meat rations


   Skills:
 - Level 3.0 Fighting
 + Level 5.7 Long Blades
 - Level 2.3 Dodging


You had 4 spell levels left.
You didn't know any spells.

Dungeon Overview and Level Annotations

Branches:
Dungeon (3/15)

Altars:
Cheibriados
Gozag
Zin

Annotations:
D:3 Irenicus's ghost, amateur OpCK


Innate Abilities, Weirdness & Mutations

You cannot wear most types of armour.
You are very stealthy in the water. (Stealth+)
You are amphibious.
You can wear up to eight rings at the same time.
You can use your tentacles to constrict eight enemies at once.
Your skin changes colour to match your surroundings (Stealth+).
Your rubbery body absorbs attacks. (AC +1, EV +1)


Message History

The orc is heavily wounded.
You constrict the jackal.
You kill the jackal!
The jackal bites you.
* * * LOW HITPOINT WARNING * * *
The orc hits you with a hand axe.
* * * LOW HITPOINT WARNING * * *
The jackal bites you but does no damage.
You hit the jackal but do no damage. Your grab misses the jackal.
The jackal bites you.
* * * LOW HITPOINT WARNING * * *
The orc suddenly yells.
The jackal barely misses you.
You riposte.
You closely miss the jackal. You grab the jackal. You squeeze the jackal.
You kill the jackal!
You hit the orc.
The orc is poisoned.
You grab the orc.
The orc is heavily wounded.
You constrict the orc. The orc hits you with a hand axe.
You die... "Huh?
Did I miss anything?"

..#...............##.#.####)#
..................##.#.#.##.#
..................#......##.#
..................####.#.##[#
#................# #..[.).#
##................#####.##..#
#........†..................##
..........†#######...#........
#########.†K†@.......#........
#...o........#........
#............#........
##...........#........
#........##..........
#........##..........
#........##..........
#........####.....>..
#........# #........


You could see an orc and a kobold.

Vanquished Creatures
  A centaur skeleton (D:3)
  Natasha (D:3)
  A river rat (shapeshifter) (D:3)
  4 dart slugs
  A leopard gecko (D:3)
  5 orcs (D:3)
  A ball python (D:3)
  2 giant cockroaches (D:1)
  2 goblins
  7 hobgoblins
  6 jackals
  A quokka (D:3)
  9 bats
  4 frilled lizards
  8 kobolds
  8 rats
61 creatures vanquished.

Notes
Turn   | Place    | Note
-------+----------+-------------------------------------------
     0 | D:1      | Irenicus the Octopode Chaos Knight began the quest for the Orb.
     0 | D:1      | Reached XP level 1. HP: 16/16 MP: 1/1
   220 | D:1      | Reached XP level 2. HP: 19/21 MP: 2/2
   295 | D:1      | XOM: divination: detect items
   446 | D:1      | Reached skill level 4 in Long Blades
   455 | D:1      | XOM: fog
   457 | D:1      | Reached XP level 3. HP: 25/26 MP: 3/3
   639 | D:2      | XOM: god gift: runed cloak {god gift}
   994 | D:2      | Found a snail-covered altar of Cheibriados.
  1028 | D:2      | Found an opulent altar of Gozag.
  1203 | D:3      | Reached XP level 4. HP: 18/31 MP: 4/4
  1206 | D:3      | Noticed Irenicus's ghost (amateur OpCK)
  1369 | D:3      | Reached skill level 5 in Long Blades
  1384 | D:3      | Found a glowing silver altar of Zin.
  1384 | D:3      | Noticed an angel
  1468 | D:3      | Noticed Natasha
  1481 | D:3      | XOM: swap monsters
  1483 | D:3      | Killed Natasha
  1483 | D:3      | Reached XP level 5. HP: 20/36 MP: 5/5
  1495 | D:3      | Slain by an orc

Skill      XL: |  1  2  3  4 |
---------------+-------------+-----
Long Blades    | 4 5 |  5.7
Fighting       | |  3.0
Dodging        | |  2.3

Action                   |  1- 3 |  4- 6 || total
-------------------------+-------+-------++-------
Melee: Falchion          |    79 |    27 ||   106
       Constrict         |    30 |     7 ||    37
       Tentacles         |     9 |     5 ||    14
 Stab: Sleeping          |     7 |       ||     7
  Eat: Chunk             |       |     2 ||     2
Armor: Skin              |    11 |     2 ||    13
Dodge: Dodged            |    55 |    21 ||    76
       Rpst.: Falchion   |    20 |     4 ||    24
